 Dungeon Crawl Stone Soup version 0.27.1-1-g398f81649c (webtiles) character file.

Game seed: 3335519165375836058

768 boopmooplesden the Chopper (level 7, -3/61 HPs)
             Began as a Minotaur Fighter on Sept 8, 2021.
             Slain by Grinder (5 damage)
             ... while paralysed by Grinder
             ... on level 4 of the Dungeon.
             The game lasted 00:08:37 (3758 turns).

boopmooplesden the Chopper (Minotaur Fighter)       Turns: 3758, Time: 00:08:38

Health: -3/61      AC:  5    Str: 22    XL:     7   Next: 52%
Magic:  6/6        EV:  2    Int:  5    God:
Gold:   198        SH:  0    Dex: 10    Spells: 6/6 levels left

rFire    + . .     SeeInvis .   a - +0 war axe
rCold    . . .     Faith    .   c - +0 kite shield
rNeg     . . .     Spirit   .   z - +2 scale mail {rF+}
rPois    .         Reflect  .   (helmet restricted)
rElec    .         Harm     .   u - +0 cloak
rCorr    .         Rampage  .   w - +2 pair of gloves
Will     .....                  (no boots)
Stlth    ..........             (no amulet)
HPRegen  0.20/turn              (no ring)
MPRegen  0.10/turn              (no ring)

@: paralysed, corroded
A: horns 2, retaliatory headbutt
a: no special abilities


You were on level 4 of the Dungeon.
You visited 1 branch of the dungeon, and saw 4 of its levels.
You also visited: Ossuary.

You collected 198 gold pieces.

Inventory:

Hand Weapons
 a - a +0 war axe (weapon)
 t - a +4 quarterstaff of chaos
 v - a +2 mace of protection
Missiles
 k - 7 poisoned darts (quivered)
Armour
 b - a +0 scale mail
 c - a +0 kite shield (worn)
 i - a +0 chain mail
 n - a +0 pair of gloves
 u - a +0 cloak (worn)
 w - a +2 pair of gloves (worn)
 z - a +2 scale mail of fire resistance (worn)
 B - a scarf of harm
Wands
 q - a wand of charming (7)
 x - a wand of iceblast (5)
Scrolls
 g - a scroll of immolation {unknown}
 h - a scroll of torment {unknown}
 l - a scroll of amnesia {unknown}
 m - a scroll of magic mapping {unknown}
 o - a scroll of fear {unknown}
 p - 3 scrolls of identify {unknown}
 s - 3 scrolls of teleportation {unknown}
 y - a scroll of silence {unknown}
 D - 2 scrolls of enchant armour {unknown}
Potions
 d - a potion of might
 e - 2 potions of flight {unknown}
 f - 4 potions of curing {unknown}
 j - 4 potions of attraction {unknown}
 r - a potion of mutation {unknown}
 A - 2 potions of resistance {unknown}
 C - a potion of cancellation {unknown}
 E - 6 potions of heal wounds {unknown}


   Skills:
 + Level 5.0 Fighting
 + Level 7.0 Axes
 + Level 5.4 Armour
 + Level 2.3 Dodging
 + Level 0.2 Stealth
 + Level 5.7 Shields


You had 6 spell levels left.
You didn't know any spells.
Your spell library contained the following spells:

 Spells                   Type           Power      Damage    Failure   Level
 Sting                    Tmut/Pois      0%         1d3       99%         1
 Blink                    Tloc           N/A        N/A       100%        2
 Poisonous Vapours        Pois/Air       0%         N/A       100%        2
 Lesser Beckoning         Tloc           0%         N/A       100%        3
 Portal Projectile        Hex/Tloc       0%         N/A       100%        3
 Olgreb's Toxic Radiance  Pois           0%         N/A       100%        4
 Blade Hands              Tmut           0%         N/A       100%        5
 Excruciating Wounds      Necr           0%         N/A       100%        5
 Manifold Assault         Tloc           0%         N/A       100%        5


Dungeon Overview and Level Annotations

Branches:
Dungeon (4/15)            Ossuary (visited)
 Temple: D:4-7

Altars:
Cheibriados
Wu Jian

Annotations:
D:4 Grinder


Innate Abilities, Weirdness & Mutations

You have a pair of horns on your head.
You reflexively headbutt those who attack you in melee.


Message History

You headbutt Grinder, but do no damage. You block the jelly's attack.
You closely miss Grinder.
Grinder is almost dead.
You completely miss the jelly. Grinder gestures at you.
Pain shoots through your body!
The jelly jiggles.
You block the jelly's attack.
You hit the jelly.
You kill the jelly!
You hit Grinder but do no damage. Grinder hits you.
You writhe in agony.
Grinder blinks!
Your Fighting skill increases to level 5!
You see here a +0 short sword.
You hit Grinder but do no damage.
Grinder is almost dead.
Grinder misses you.
You hit Grinder but do no damage.
Grinder is almost dead.
Grinder gestures at you. You resist with significant effort.
Unknown command.
You closely miss Grinder.
Grinder is almost dead.
Grinder hits you.
You writhe in agony.
Grinder blinks!
Found a stone staircase leading up.
Found 17 gold pieces.
You block Grinder's attack.
You hit Grinder but do no damage.
Grinder is almost dead.
Grinder gestures at you.
You suddenly lose the ability to move!
Grinder hits you. Grinder hits you!
* * * LOW HITPOINT WARNING * * *
You writhe in agony.
* * * LOW HITPOINT WARNING * * *
Grinder hits you.
* * * LOW HITPOINT WARNING * * *
You writhe in agony.
You die...

#.....#+#.# #..
#.....# .# #..
#.....# # #..
#.....# #..
#.#+#.# #..
.######)# #.#
#.. ........#
#.# #..
###...#.#.#.#$#
##.
+....@.......
.. ##
#....5..<.#.. #
.. #
#....###.....
.. .# # #....
..... .. . .
####. #.#.
..#.#.# ## .#
......# # #..
#.. #..


You could see Grinder.

Vanquished Creatures
  An ogre (D:4)
  A phantom (D:4)
  3 water moccasin zombies (Ossuary)
  A water moccasin skeleton (D:4)
  Crazy Yiuf (D:2)
  A jelly (D:4)
  An iguana (D:4)
  Terence (D:3)
  Ijyb (D:3)
  Natasha (twice) (D:2)
  A hound skeleton (D:4)
  2 mummies (Ossuary)
  Robin (D:2)
  2 adders (D:2)
  5 adder zombies (Ossuary)
  2 worms (D:2)
  4 dart slugs
  5 orcs (D:3)
  7 endoplasms
  2 giant cockroaches
  11 goblins
  8 hobgoblins
  3 jackals (D:2)
  6 quokkas
  7 ball pythons
  6 bats
  2 frilled lizards
  2 gnoll zombies (Ossuary)
  3 hobgoblin zombies (Ossuary)
  7 kobolds
  5 kobold zombies (Ossuary)
  7 orc zombies (Ossuary)
  14 rats
125 creatures vanquished.

Notes
Turn   | Place    | Note
-------+----------+-------------------------------------------
     0 | D:1      | boopmooplesden the Minotaur Fighter began the quest for the
                  | Orb.
     0 | D:1      | Reached XP level 1. HP: 19/19 MP: 0/0
   182 | D:1      | Found a faded altar of an unknown god.
   239 | D:1      | Reached XP level 2. HP: 26/27 MP: 1/1
   753 | D:2      | Reached XP level 3. HP: 33/33 MP: 2/2
   798 | D:2      | Reached skill level 3 in Axes
  1104 | D:2      | Reached XP level 4. HP: 40/40 MP: 3/3
  1219 | D:2      | Found a runed translucent door.
  1220 | D:2      | Noticed Crazy Yiuf
  1518 | D:2      | Noticed Robin
  1529 | D:2      | Killed Robin
  1657 | D:2      | Noticed Natasha
  1663 | D:2      | Killed Natasha
  1664 | D:2      | Reached skill level 1 in Dodging
  2086 | D:2      | Killed Crazy Yiuf
  2087 | D:2      | Reached XP level 5. HP: 46/46 MP: 4/4
  2128 | D:2      | Noticed Natasha
  2133 | D:2      | Killed Natasha
  2134 | D:2      | Reached skill level 5 in Shields
  2312 | D:3      | Found an ornate altar of the Wu Jian Council.
  2433 | D:3      | Noticed Ijyb
  2443 | D:3      | Killed Ijyb
  2636 | D:3      | Found a snail-covered altar of Cheibriados.
  2688 | D:3      | Noticed Terence
  2692 | D:3      | Reached skill level 4 in Axes
  2699 | D:3      | Killed Terence
  3023 | D:4      | Noticed a phantom
  3030 | D:4      | Killed a phantom
  3031 | D:4      | Reached skill level 5 in Armour
  3031 | D:4      | Reached XP level 6. HP: 53/53 MP: 5/5
  3139 | D:4      | Reached skill level 5 in Axes
  3194 | D:4      | Found a sand-covered staircase.
  3203 | Ossuary  | Entered an ossuary
  3239 | Ossuary  | Reached skill level 6 in Axes
  3239 | Ossuary  | Reached XP level 7. HP: 57/60 MP: 6/6
  3731 | D:4      | Noticed Grinder
  3731 | D:4      | Paralysed by Grinder for 3 turns
  3741 | D:4      | Reached skill level 7 in Axes
  3748 | D:4      | Reached skill level 5 in Fighting
  3755 | D:4      | Paralysed by Grinder for 7 turns
  3758 | D:4      | HP: 2/61 [Grinder (5)]
  3758 | D:4      | Slain by Grinder

Illustrated notes

Levels and vault maps discovered:
D:1:      onia_arrival_handbag, layout_rooms,
          shapermc_ecumenical_altar_totnotflames
D:2:      minmay_recursive_quarters, layout_loops_ring,
          minmay_indecisive_spiral, uniq_natasha, uniq_robin,
          uniq_crazy_yiuf_cottage
D:3:      layout_loops_cross, pdpol_wu_jian_five_deadly_venoms,
          mainiacjoe_overflow_brackets, uniq_ijyb, uniq_terence
D:4:      kennysheep_big_flooded_room, layout_basic,
          nicolae_ossuary_entry_monument, uniq_grinder

Skill      XL: |  1  2  3  4  5  6  7 |
---------------+----------------------+-----
Armour         | 4 5 |  5.4
Fighting       | 4 5 |  5.0
Axes           | 3 4 6 7 |  7.0
Shields        | 4 5 |  5.7
Dodging        | 1 2 |  2.3
Stealth        | |  0.2

Action                   |  1- 3 |  4- 6 |  7- 9 || total
-------------------------+-------+-------+-------++-------
Melee: War axe           |    83 |   124 |    84 ||   291
       Headbutt          |     8 |    22 |    10 ||    40
Armor: Scale mail        |    44 |    49 |    38 ||   131
       Chain mail        |       |    20 |       ||    20
Dodge: Dodged            |    23 |    47 |    20 ||    90
Block: Kite shield       |    41 |    61 |    44 ||   146
